 Dungeon Crawl Stone Soup version 0.28.0-43-g3370ac3207 (webtiles) character file.

Game seed: 6304548969477592631

72 xzight the Skirmisher (level 4, 0/43 HPs)
             Began as a Gargoyle Fighter on Mar 1, 2022.
             Slain by an orc
             ... wielding a +0 trident
              (5 damage)
             ... on level 4 of the Dungeon.
             The game lasted 00:04:48 (1555 turns).

xzight the Skirmisher (Gargoyle Fighter)            Turns: 1555, Time: 00:04:50

Health: 0/43       AC: 22    Str: 18 (21) XL:     4   Next: 25%
Magic:  4/4        EV:  2    Int:  6 (9)  God:
Gold:   72         SH:  4    Dex:  7 (9)  Spells: 3/3 levels left

rFire   . . .      SeeInvis .   a - +0 war axe
rCold   . . .      Faith    .   c - +0 buckler
rNeg    + . .      Spirit   .   (armour currently unavailable)
rPois   ∞          Reflect  .   (helmet currently unavailable)
rElec   .          Harm     .   (cloak currently unavailable)
rCorr   .          Rampage  .   (gloves currently unavailable)
Will    .....      NoTele   +   (boots currently unavailable)
Stlth   +.........              (no amulet)
HPRegen 0.14/turn               (no ring)
MPRegen 0.09/turn               (no ring)

@: tree-form
A: stationary, stasis, torment immunity, boosted hp, sickness immunity, AC +3,
negative energy resistance 1, (electricity resistance), torment resistance 1,
petrification resistance
a: no special abilities


You were on level 4 of the Dungeon.
You were a tree.
You visited 1 branch of the dungeon, and saw 3 of its levels.

You collected 72 gold pieces.


Innate Abilities, Weirdness & Mutations

You are a tree.
Your roots penetrate the ground, keeping you stationary.
You cannot be teleported.
You are immune to unholy pain and torment.
Your maximum health is greatly increased.
Your equipment is partially melded.
You are immune to sickness and miasma.
((Your stone body is resilient. (AC +3)))
You are immune to poison.
You resist negative energy. (rN+)
((You are resistant to electric shocks. (rElec)))
You are resistant to unholy torment.
You are immune to petrification.


   Skills:
 + Level 3.8 Fighting
 * Level 2.8 Axes
 + Level 3.8 Armour
 + Level 3.8 Shields


You had 3 spell levels left.
You didn't know any spells.
Your spell library was empty.

Inventory:

Hand Weapons
 a - a +0 war axe (weapon)
Armour
 c - a +0 buckler (worn)
 j - a +0 chain mail (melded)
Jewellery
 F - a ring of fire
Scrolls
 b - a scroll of identify {unknown}
 g - a scroll of silence {unknown}
Potions
 d - a potion of might
 h - a potion of lignification

Dungeon Overview and Level Annotations

Branches:
Dungeon (2/15)

Altars:

Shops:
D:1

* ##.#...####J#
##....g...o..## ##
####....g#.......##..
.......g.##g.........
####..#..#.g........$
###......##.g.g.......
#.......###...........
#.##Jg### #...........
#gog♣# #...........
#.##o###.....$.....
.S(......#oo#............
.g.......##....#.....#...
.........####†...##.....#
:........# #.##..#.#...#
.......... ..###.....###
.........# #### ..#...
.........# .## #.


You could see 3 gnolls, 4 orcs and an endoplasm.


Message History

Unknown command.
Unknown command.
It was a potion of curing.
You feel better. You block the gnoll's attack.
The orc hits you but does no damage. The gnoll hits you but does no damage.
You block the orc's attack.
It was a potion of degeneration.
There was something very wrong with that liquid.
You feel weakened.
You feel dopey.
You feel clumsy. The gnoll hits you but does no damage.
The orc hits you but does no damage. The gnoll hits you but does no damage.
The orc hits you but does no damage.
You hit the gnoll.
The gnoll is almost dead.
You barely miss the orc. The gnoll hits you but does no damage.
The orc barely misses you. You block the gnoll's attack.
You block the orc's attack. The gnoll hits you but does no damage.
The orc hits you but does no damage.
You closely miss the gnoll.
The gnoll is almost dead.
You barely miss the orc.
The gnoll hits you from afar with a +0 spear.
* * * LOW HITPOINT WARNING * * *
You block the orc's attack. The gnoll hits you but does no damage.
The orc hits you but does no damage.
You closely miss the gnoll.
The gnoll is almost dead.
You barely miss the orc. The gnoll barely misses you.
The orc hits you but does no damage. The gnoll hits you but does no damage.
The orc hits you but does no damage. The gnoll barely misses you.
The orc hits you from afar with a +0 trident.
You die...

Skill      XL: |  1 |
---------------+----+-----
Axes           | 2 |  2.8
Fighting       | |  3.8
Armour         | |  3.8
Shields        | |  3.8

Action                   |  1- 3 |  4- 6 || total
-------------------------+-------+-------++-------
Melee: War axe           |    74 |     6 ||    80
  Use: Potion            |       |     3 ||     3
       Scroll            |       |     1 ||     1
Armor: Scale mail        |    23 |       ||    23
       Chain mail        |    41 |     4 ||    45
       Skin              |       |    17 ||    17
Dodge: Dodged            |    52 |     7 ||    59
Block: Buckler           |    26 |     6 ||    32

Levels and vault maps discovered:
D:1:      dpeg_arrival_short_road, layout_basic,
          dreamdust_ecumenical_altar_statues, serial_shops,
          nicolae_shop_waterfront, kennysheep_minor_cross
D:2:      layout_basic, uniq_jessica
D:4:      layout_rooms

Notes
Turn   | Place    | Note
-------+----------+-------------------------------------------
     0 | D:1      | xzight the Gargoyle Fighter began the quest for the Orb.
     0 | D:1      | Reached XP level 1. HP: 14/14 MP: 1/1
   160 | D:1      | Found a faded altar of an unknown god.
   186 | D:1      | Found Cokkuv's Assorted Antiques.
   239 | D:1      | Reached skill level 2 in Axes
   424 | D:1      | Reached XP level 2. HP: 15/19 MP: 2/2
  1444 | D:2      | Reached XP level 3. HP: 23/23 MP: 3/3
  1489 | D:2      | You fall into a shaft and drop 2 floors!
  1546 | D:4      | Reached XP level 4. HP: 16/29 MP: 4/4
  1549 | D:4      | HP: 1/29 [orc/+0 trident (3)]
  1554 | D:4      | HP: 4/43 [gnoll/+0 spear (3)]
  1555 | D:4      | Slain by an orc

Vanquished Creatures
  A hound (D:4)
  An adder (D:4)
  2 worms (D:2)
  An orc (D:4)
  4 ball pythons
  2 endoplasms (D:1)
  A giant cockroach (D:1)
  2 goblins (D:2)
  3 hobgoblins
  3 kobolds (D:1)
  2 bats (D:2)
  A frilled lizard (D:1)
  2 rats
25 creatures vanquished.

Table legend: (Time is in decaauts)
 A = Elapsed time spent in this place.
 B = Non-inter-level travel time spent in this place.
 C = Inter-level travel time spent in this place.
 D = Time resting spent in this place.
 E = Time spent auto-exploring this place.
 F = Levels seen in this place.
 G = Mean time per level.
                   A        B        C        D        E       F      G
               +--------+--------+--------+--------+--------+-----+--------+
         Total |   1591 |   1469 |    122 |    361 |    832 |   3 |  530.3 |
       Dungeon |   1591 |   1469 |    122 |    361 |    832 |   3 |  530.3 |
               +--------+--------+--------+--------+--------+-----+--------+

Top non-repeatable levels by time:
     D:1: 1412 daAuts
     D:2: 104 daAuts
     D:4: 75 daAuts

Table legend:
 A = Non-vault XP
 B = Vault XP
 C = Vault XP percentage of total XP
 D = Non-vault monster count
 E = Vault monster count
 F = Vault count percentage of total count
                 A         B        C        D         E       F
            +---------+---------+-------+---------+---------+-------
      Total |     103 |       0 |   0.0 |      25 |       0 |   0.0
            +---------+---------+-------+---------+---------+-------
        D:1 |      23 |       0 |   0.0 |      13 |       0 |   0.0
        D:2 |      18 |       0 |   0.0 |       7 |       0 |   0.0
        D:4 |      62 |       0 |   0.0 |       5 |       0 |   0.0
            +---------+---------+-------+---------+---------+-------
